AoeStats
← simbasdead

Arena

508777789Analyzed
4v4 RM · 9d ago on Sep 24, 2026· 42m 21s· 8 players
Game mode
Random Map
Map size
Large (8 player)
Population
200
Speed
Normal
Resources
Standard
Victory
Conquest
Starting age
Dark Age
Ending age
Imperial Age
RankedLock teamsTeams togetherTeam positionsShared explorationLock speedFull tech treeHidden civsTurbo modeCheats
Victory
Defeat
🇺🇸 Burgundians · United States
1140
+10
🇩🇪 Huns · Germany
951
+18
🇺🇸 Turks · United States
907
+20
🇺🇸 Bohemians · United States
879
+22
🇨🇱 Bengalis · Chile
1080
-21
🇲🇽 Bohemians · Mexico
979
-17
🇨🇱 Romans · Chile
968
-16
🇨🇱 Vietnamese · Chile
967
-16
simbasdead
10:32 Feudal Age
15:13 Castle Age
13:33 Horse Collar
14:30 Loom
14:39 Double-Bit Axe
15:04 Stone Mining
30:09 Imperial Age
28:37 Wheelbarrow
28:21 Heavy Plow
30:21 Padded Archer Armor
34:47 Ballistics
34:15 Arrowslits
37:30 Bow Saw
38:19 Leather Archer Armor
38:48 Elite Janissary
40:02 Conscription
42:26 Treadmill Crane
Aesriv
10:38 Feudal Age
9:58 Double-Bit Axe
14:43 Castle Age
12:52 Horse Collar
14:01 Forging
15:19 Scale Barding Armor
14:45 Cavalier
15:43 Husbandry
22:37 Gold Mining
22:59 Bow Saw
26:18 Iron Casting
27:28 Chain Barding Armor
35:15 Imperial Age
32:39 Loom
34:07 Loom
34:58 Wheelbarrow
35:34 Fletching
37:33 Hand Cart
38:40 Gold Shaft Mining
40:02 Chemistry
40:12 Padded Archer Armor
41:15 Leather Archer Armor
41:23 Ballistics
drewpoo97
11:11 Feudal Age
11:55 Horse Collar
13:37 Wheelbarrow
13:13 Double-Bit Axe
21:04 Castle Age
22:04 Hand Cart
27:48 Padded Archer Armor
31:09 Imperial Age
32:42 Elite Hussite Wagon
33:53 Conscription
33:51 Wagenburg Tactics
35:10 Bow Saw
35:03 Heavy Plow
Guerilla62
0:41 Loom
11:35 Feudal Age
12:00 Horse Collar
12:58 Wheelbarrow
12:12 Double-Bit Axe
14:12 Stone Mining
14:13 Gold Mining
14:19 Gold Mining
21:36 Castle Age
20:33 Bloodlines
20:32 Scale Barding Armor
21:08 Forging
22:36 Bow Saw
23:04 Gold Shaft Mining
23:04 Hand Cart
24:48 Heavy Plow
25:09 Marauders
26:20 Husbandry
29:09 Iron Casting
29:15 Chain Barding Armor
33:56 Light Cavalry
37:48 Imperial Age
39:15 Plate Barding Armor
39:53 Blast Furnace
MOROCHO
12:19 Feudal Age
13:45 Double-Bit Axe
16:09 Castle Age
17:21 Bow Saw
20:16 Chemistry
19:31 Padded Archer Armor
33:06 Wheelbarrow
32:50 Leather Archer Armor
33:35 Scale Mail Armor
33:46 Forging
33:56 Man-at-Arms
34:37 Squires
33:57 Pikeman
34:58 Chain Mail Armor
35:12 Squires
35:59 Wagenburg Tactics
38:34 Hand Cart
Shaggy
9:03 Loom
12:20 Feudal Age
16:21 Castle Age
23:53 Wheelbarrow
27:52 Imperial Age
38:39 Double-Bit Axe
LA PRESION II
0:45 Loom
11:40 Feudal Age
12:39 Double-Bit Axe
14:18 Wheelbarrow
14:43 Fletching
14:56 Padded Archer Armor
24:34 Castle Age
24:16 Gold Mining
24:19 Stone Mining
24:36 Crossbowman
25:27 Thumb Ring
25:39 Leather Archer Armor
25:20 Bodkin Arrow
26:24 Bodkin Arrow
29:17 Hand Cart
31:02 Ballistics
32:12 Pikeman
32:53 Squires
zesar434
12:16 Feudal Age
13:28 Double-Bit Axe
16:47 Castle Age
15:16 Stone Mining
17:01 Fletching
17:11 Padded Archer Armor
17:16 Gold Mining
22:29 Bodkin Arrow
22:49 Leather Archer Armor
30:57 Forging
30:48 Scale Mail Armor
31:06 Pikeman
31:35 Gambesons
31:51 Squires
31:37 Arson
33:33 Wheelbarrow
33:16 Bow Saw
32:50 Horse Collar
34:30 Heavy Plow
40:39 Iron Casting
40:19 Chain Mail Armor
Connection lost

Rejoining the realm…

Still unreachable

The connection could not be restored.

Session expired

The server has moved on; the page needs a fresh start.